 Dungeon Crawl Stone Soup version 0.16.2-12-gd0ad4c3 (webtiles) character file.

91 gorblad the Skirmisher (level 4, -1/35 HPs)
             Began as a Demonspawn Chaos Knight on Sept 14, 2015.
             Killed from afar by a white imp (10 damage)
             ... with a puff of frost
             ... summoned by Xom
             ... on level 2 of the Dungeon.
             The game lasted 00:07:07 (1978 turns).

gorblad the Skirmisher (Demonspawn Chaos Knight)    Turns: 1978, Time: 00:07:08

Health: -1/35      AC:  6    Str: 13    XL:     4   Next: 34%
Magic:  0/4        EV: 10    Int: 14    God:    Xom [......]
Gold:   53         SH:  5    Dex: 12    Spells: 0 memorised, 3 levels left

rFire  . . .     SeeInvis .     h - -1 spear (curse)
rCold  . . .     Clarity  .     s - +0 ring mail
rNeg   . . .     SustAb   .     n - +2 buckler
rPois  .         Gourm    .     e - +0 helmet
rElec  .         Spirit   +     (no cloak)
rCorr  .         Warding  .     (no gloves)
rMut   .         Stasis   .     (no boots)
MR     .....                    m - amulet of faith
Stlth  +.........               (no ring)
                                (no ring)

@: not resistant to hostile enchantments, very unstealthy
A: magic shield
a: Renounce Religion


You were on level 2 of the Dungeon.
You worshipped Xom.
You were a very special plaything of Xom.
You were hungry.

You visited 1 branch of the dungeon, and saw 2 of its levels.

You collected 53 gold pieces.

Inventory:

Hand weapons
 a - a +0 falchion of chaos
 h - a cursed -1 spear (weapon)
Missiles
 j - 7 javelins (quivered)
Armour
 b - a +2 leather armour
 e - a +0 helmet (worn)
 n - a +2 buckler (worn)
 s - a +0 ring mail (worn)
Jewellery
 m - an amulet of faith (around neck)
Scrolls
 p - a scroll of blinking
 q - 2 scrolls of amnesia
Potions
 d - a potion of degeneration
 i - a potion of flight {unknown}
 k - a potion of heal wounds
 l - a potion of cancellation {unknown}
 o - a potion of curing
 r - a potion of haste {unknown}
Comestibles
 c - a bread ration
 f - 6 chunks of flesh
 g - 2 slices of pizza


   Skills:
 + Level 3.5 Fighting
 + Level 3.0 Long Blades
 + Level 0.8 Polearms
 + Level 0.3 Throwing
 + Level 2.4 Armour
 + Level 2.1 Dodging
 + Level 0.4 Stealth


You had 3 spell levels left.
You didn't know any spells.

Dungeon Overview and Level Annotations

Branches:
Dungeon (2/15)

Altars:
Ru


Innate Abilities, Weirdness & Mutations

When hurt, damage is shared between your health and your magic reserves.


Message History

The white imp hits you but does no damage.
Drink which item? (? for menu, Esc to quit)
Okay, then.
You hit the white imp.
The white imp is severely wounded.
The white imp spits at you. The white imp gestures at you.
The puff of frost hits you!
A shower of butterflies erupts from you!
The white imp hits you but does no damage.
You block the white imp's attack.
You closely miss the white imp.
The white imp is severely wounded.
The white imp hits you. The white imp freezes you. The white imp hits you.
The white imp freezes you.
* * * LOW HITPOINT WARNING * * *
The white imp gestures at you. The puff of frost hits you!
You die... "Huh?
Did I miss anything?"

#..(.......# #..######
#####......## #.... # #
##.###..### #.##.## #
######........# #.##..# #
.....##.....#.####### ##.###.###
....................####....#..##
............b..####.#............
.....[.)......b.###.#..........##
..............#5@5b....<.......##
..............####.b.###....#####
............).# ##...##.#### #
..............# ##........# #
.............## #.......... .
.....##......####...(....#. ..
############...........>... .
######........# ##.)....##


You could see 2 white imps.

Vanquished Creatures
  An orc wizard (D:2)
  An adder (D:2)
  2 worms
  2 giant geckos (D:1)
  An ooze (D:2)
  2 ball pythons (D:1)
  4 bats
  5 goblins
  7 hobgoblins
  4 giant newts
  10 kobolds (D:1)
  6 rats
45 creatures vanquished.

Notes
Turn   | Place    | Note
--------------------------------------------------------------
     0 | D:1      | gorblad, the Demonspawn Chaos Knight, began the quest for the Orb.
     0 | D:1      | Reached XP level 1. HP: 18/18 MP: 1/1
     1 | D:1      | XOM: harmless Air miscast
    54 | D:1      | XOM: potion effect (berserk rage)
   198 | D:1      | Reached skill level 1 in Dodging
   200 | D:1      | Gained mutation: When hurt, damage is shared between your health and your magic reserves. [demonic ancestry]
   200 | D:1      | Reached XP level 2. HP: 18/24 MP: 2/2
   550 | D:1      | XOM: divination: detect creatures
   839 | D:1      | XOM: harmless Conj miscast
   841 | D:1      | XOM: colour smoke trail
   939 | D:1      | XOM: silly message
  1025 | D:1      | Reached XP level 3. HP: 22/29 MP: 1/3
  1035 | D:1      | XOM: silly message
  1086 | D:1      | XOM: harmless Conj miscast
  1567 | D:2      | XOM is BORED!
  1567 | D:2      | XOM: harmless Trmt miscast
  1597 | D:2      | Found a sacrificial altar of Ru.
  1614 | D:2      | XOM: potion effect (heal wounds)
  1623 | D:2      | Reached XP level 4. HP: 32/35 MP: 2/4
  1801 | D:2      | XOM: silly message
  1966 | D:2      | XOM: summons 2 hostile demons
  1977 | D:2      | XOM: butterfly on damage
  1978 | D:2      | Killed from afar by a white imp

Action                   |  1- 3 |  4- 6 || total
-------------------------+-------+-------++-------
Melee: Falchion          |    20 |       ||    20
       Spear             |   191 |    48 ||   239
Throw: Javelin           |    12 |       ||    12
  Use: Scroll            |     9 |     2 ||    11
       Potion            |       |     1 ||     1
 Stab: Invisible         |       |     2 ||     2
       Sleeping          |       |     2 ||     2
       Paralysed         |       |     1 ||     1
  Eat: Chunk             |     2 |       ||     2
       Royal jelly       |     1 |       ||     1
